[ AOE2 MATCH · #504681260 ]
UnrankedMapuche vs Japanese
Player's team · LOSS
Rival team · WIN
[ REPLAY ANALYSIS · EXTRACTED FROM THE RECORDED GAME ]
Feudal
11:50
Castle
17:11
Imperial
—
| APM avg | 63.3 |
| APM peak | 129 |
| eAPM avg | 30.8 |
| Villagers / military | 63 / 70 |
Focus
⚔️ 30.3% · 🌾 69.7%
Bolas Rider ×41 · Skirmisher ×21 · Archer ×5 · Battering Ram ×2 · Spearman ×1
Feudal
10:07
Castle
21:59
Imperial
—
| APM avg | 39.0 |
| APM peak | 69 |
| eAPM avg | 20.2 |
| Villagers / military | 107 / 70 |
Focus
⚔️ 35.3% · 🌾 64.7%
Samurai ×40 · Archer ×27 · Militia ×3
Match map
Initial resources + every placement click. Lines = walls · curves = elevation contours. ◆ gold · ⬟ stone · ● berries · ✦ relic · ◌ wall gap
Your base· Open — 9t gap
mertersoz88's base· Open — 4t gap
Smoothed initial terrain · ◌ = detected wall gap · hover for details
Inputs per minute
— ☘ [4:20] ☘ Raperzinho11 - - mertersoz88
Build order — ☘ [4:20] ☘ Raperzinho11
First 150 of 189 actions detected
| 0:00 | Queue | Villager (Male) |
| 0:01 | Queue | Villager (Male) |
| 0:02 | Queue | Villager (Male) |
| 0:02 | Queue | Villager (Male) |
| 0:02 | Queue | Villager (Male) |
| 0:03 | Build | House |
| 0:05 | Build | House |
| 1:34 | Queue | Villager (Male) |
| 1:34 | Queue | Villager (Male) |
| 2:09 | Queue | Villager (Male) |
| 2:10 | Queue | Villager (Male) |
| 2:14 | Research | Loom |
| 2:42 | Build | Settlement |
| 2:57 | Queue | Villager (Male) |
| 2:58 | Queue | Villager (Male) |
| 2:58 | Queue | Villager (Male) |
| 3:39 | Queue | Villager (Male) |
| 3:39 | Queue | Villager (Male) |
| 4:11 | Queue | Villager (Male) |
| 4:11 | Queue | Villager (Male) |
| 4:11 | Queue | Villager (Male) |
| 4:12 | Queue | Villager (Male) |
| 5:15 | Queue | Villager (Male) |
| 5:15 | Queue | Villager (Male) |
| 5:15 | Queue | Villager (Male) |
| 5:48 | Queue | Villager (Male) |
| 5:48 | Queue | Villager (Male) |
| 5:49 | Queue | Villager (Male) |
| 5:49 | Queue | Villager (Male) |
| 5:51 | Queue | Villager (Male) |
| 5:51 | Queue | Villager (Male) |
| 6:54 | Build | Settlement |
| 7:25 | Queue | Villager (Male) |
| 7:26 | Queue | Villager (Male) |
| 8:17 | Queue | Villager (Male) |
| 8:18 | Queue | Villager (Male) |
| 8:34 | Build | Palisade Wall |
| 8:41 | Build | Palisade Wall |
| 9:02 | Research | Feudal Age |
| 9:11 | Build | House |
| 9:56 | Build | Farm |
| 9:58 | Build | Farm |
| 11:50 | Age | Feudal Age |
| 11:57 | Build | Settlement |
| 11:59 | Build | Market |
| 12:15 | Queue | Villager (Male) |
| 12:47 | Queue | Spearman |
| 12:48 | Queue | Skirmisher |
| 12:48 | Queue | Skirmisher |
| 13:33 | Build | Blacksmith |
| 14:31 | Research | Castle Age |
| 14:48 | Build | Barracks |
| 15:11 | Build | Settlement |
| 15:57 | Build | Settlement |
| 16:08 | Build | Watch Tower |
| 16:16 | Queue | Villager (Male) |
| 16:16 | Queue | Villager (Male) |
| 17:11 | Age | Castle Age |
| 17:15 | Build | Archery Range |
| 17:19 | Queue | Villager (Male) |
| 17:55 | Queue | Villager (Male) |
| 18:01 | Queue | Bolas Rider |
| 18:01 | Queue | Bolas Rider |
| 18:17 | Queue | Villager (Male) |
| 18:41 | Research | Fletching |
| 19:12 | Build | Archery Range |
| 19:15 | Queue | Villager (Male) |
| 19:16 | Queue | Archer |
| 19:16 | Queue | Archer |
| 19:17 | Queue | Archer |
| 19:17 | Queue | Archer |
| 19:20 | Queue | Bolas Rider |
| 19:20 | Queue | Bolas Rider |
| 19:21 | Queue | Bolas Rider |
| 19:47 | Queue | Bolas Rider |
| 19:47 | Queue | Bolas Rider |
| 19:47 | Queue | Bolas Rider |
| 20:03 | Build | Farm |
| 20:04 | Build | Farm |
| 20:11 | Build | House |
| 20:13 | Build | House |
| 20:15 | Build | House |
| 20:26 | Queue | Bolas Rider |
| 20:26 | Queue | Bolas Rider |
| 20:26 | Queue | Bolas Rider |
| 20:52 | Build | Farm |
| 20:55 | Queue | Archer |
| 20:59 | Build | Farm |
| 21:09 | Queue | Bolas Rider |
| 21:09 | Queue | Bolas Rider |
| 21:24 | Build | Farm |
| 21:25 | Build | Farm |
| 21:25 | Build | Farm |
| 21:26 | Queue | Villager (Male) |
| 21:31 | Queue | Bolas Rider |
| 21:31 | Queue | Bolas Rider |
| 21:31 | Queue | Bolas Rider |
| 22:03 | Build | Farm |
| 22:04 | Build | Farm |
| 22:04 | Build | Farm |
| 22:34 | Queue | Villager (Male) |
| 22:34 | Queue | Villager (Male) |
| 22:39 | Build | Siege Workshop |
| 23:01 | Build | Farm |
| 23:31 | Queue | Villager (Male) |
| 23:41 | Research | Padded Archer Armor |
| 23:49 | Queue | Battering Ram |
| 23:50 | Queue | Battering Ram |
| 23:52 | Queue | Villager (Male) |
| 23:57 | Queue | Bolas Rider |
| 23:57 | Queue | Bolas Rider |
| 23:57 | Queue | Bolas Rider |
| 23:57 | Queue | Bolas Rider |
| 24:10 | Queue | Skirmisher |
| 24:10 | Queue | Skirmisher |
| 24:10 | Queue | Skirmisher |
| 24:43 | Build | House |
| 24:44 | Build | House |
| 24:57 | Build | Settlement |
| 25:00 | Queue | Villager (Male) |
| 25:00 | Queue | Villager (Male) |
| 25:01 | Queue | Villager (Male) |
| 25:23 | Queue | Skirmisher |
| 25:24 | Queue | Skirmisher |
| 25:24 | Queue | Skirmisher |
| 25:24 | Queue | Skirmisher |
| 25:24 | Queue | Skirmisher |
| 26:51 | Queue | Villager (Male) |
| 26:51 | Queue | Villager (Male) |
| 26:51 | Queue | Villager (Male) |
| 26:52 | Queue | Villager (Male) |
| 26:52 | Queue | Villager (Male) |
| 27:02 | Build | Settlement |
| 27:15 | Queue | Bolas Rider |
| 27:15 | Queue | Bolas Rider |
| 27:15 | Queue | Bolas Rider |
| 27:16 | Queue | Bolas Rider |
| 27:44 | Queue | Skirmisher |
| 27:44 | Queue | Skirmisher |
| 27:44 | Queue | Skirmisher |
| 27:45 | Queue | Skirmisher |
| 27:49 | Queue | Villager (Male) |
| 27:50 | Queue | Villager (Male) |
| 28:22 | Queue | Villager (Male) |
| 28:22 | Queue | Villager (Male) |
| 29:08 | Queue | Villager (Male) |
| 29:09 | Queue | Villager (Male) |
| 29:21 | Queue | Bolas Rider |
| 29:21 | Queue | Bolas Rider |
| 29:22 | Queue | Bolas Rider |
Build order — mertersoz88
First 150 of 294 actions detected
| 0:01 | Queue | Villager (Male) |
| 0:01 | Queue | Villager (Male) |
| 0:02 | Build | House |
| 0:04 | Build | House |
| 0:06 | Queue | Villager (Male) |
| 0:13 | Queue | Villager (Male) |
| 1:32 | Queue | Villager (Male) |
| 1:32 | Queue | Villager (Male) |
| 1:45 | Build | Lumber Camp |
| 1:50 | Queue | Villager (Male) |
| 2:10 | Queue | Villager (Male) |
| 2:10 | Queue | Villager (Male) |
| 2:44 | Queue | Villager (Male) |
| 2:45 | Queue | Villager (Male) |
| 2:56 | Queue | Villager (Male) |
| 3:25 | Build | House |
| 3:28 | Queue | Villager (Male) |
| 3:29 | Queue | Villager (Male) |
| 3:44 | Research | Loom |
| 4:09 | Build | House |
| 4:12 | Build | Palisade Wall |
| 4:16 | Build | Mill |
| 4:20 | Build | House |
| 4:22 | Build | Palisade Wall |
| 4:45 | Queue | Villager (Male) |
| 4:46 | Queue | Villager (Male) |
| 4:46 | Queue | Villager (Male) |
| 4:46 | Queue | Villager (Male) |
| 4:52 | Build | Palisade Wall |
| 4:56 | Build | Palisade Wall |
| 5:31 | Queue | Villager (Male) |
| 5:31 | Queue | Villager (Male) |
| 5:52 | Queue | Villager (Male) |
| 6:04 | Queue | Villager (Male) |
| 6:31 | Queue | Villager (Male) |
| 6:51 | Queue | Villager (Male) |
| 7:23 | Build | House |
| 7:31 | Build | Barracks |
| 7:32 | Queue | Villager (Male) |
| 7:40 | Research | Feudal Age |
| 7:50 | Build | Mining Camp |
| 8:41 | Queue | Villager (Male) |
| 8:47 | Queue | Militia ×2 |
| 9:02 | Queue | Villager (Male) |
| 9:08 | Queue | Militia |
| 10:07 | Age | Feudal Age |
| 10:11 | Research | Man-at-Arms (upgrade) |
| 10:24 | Build | Archery Range |
| 10:26 | Build | House |
| 10:27 | Build | House |
| 10:29 | Queue | Villager (Male) |
| 10:45 | Queue | Villager (Male) |
| 10:46 | Queue | Villager (Male) |
| 11:53 | Queue | Villager (Male) |
| 11:55 | Build | Farm |
| 11:55 | Build | Farm |
| 11:56 | Build | Farm |
| 11:56 | Build | Farm |
| 11:56 | Build | Farm |
| 12:31 | Queue | Villager (Male) |
| 12:34 | Build | Farm |
| 12:36 | Build | Farm |
| 12:37 | Queue | Archer |
| 12:37 | Queue | Archer |
| 12:38 | Queue | Archer |
| 12:38 | Queue | Archer |
| 13:09 | Queue | Villager (Male) |
| 13:21 | Build | Watch Tower |
| 13:22 | Queue | Villager (Male) |
| 13:24 | Queue | Archer |
| 13:24 | Queue | Archer |
| 13:25 | Queue | Archer |
| 13:35 | Build | Blacksmith |
| 13:36 | Queue | Villager (Male) |
| 13:40 | Build | House |
| 13:42 | Build | Palisade Wall |
| 14:31 | Queue | Villager (Male) |
| 14:33 | Queue | Archer |
| 14:42 | Queue | Villager (Male) |
| 14:44 | Queue | Villager (Male) |
| 14:47 | Build | Farm |
| 14:49 | Build | Farm |
| 14:50 | Build | Farm |
| 14:53 | Build | Farm |
| 14:56 | Queue | Villager (Male) |
| 15:43 | Build | Farm |
| 15:44 | Build | Farm |
| 15:44 | Build | Farm |
| 15:45 | Queue | Villager (Male) |
| 15:52 | Research | Fletching |
| 16:01 | Build | Farm |
| 16:02 | Queue | Villager (Male) |
| 16:12 | Build | Lumber Camp |
| 16:12 | Queue | Villager (Male) |
| 16:36 | Queue | Villager (Male) |
| 16:45 | Build | Mining Camp |
| 16:54 | Queue | Villager (Male) |
| 17:15 | Build | Farm |
| 17:15 | Queue | Villager (Male) |
| 17:41 | Build | House |
| 17:42 | Build | Palisade Wall |
| 17:46 | Build | House |
| 17:48 | Build | Palisade Wall |
| 18:00 | Build | Farm |
| 18:04 | Build | Farm |
| 18:05 | Build | Farm |
| 18:05 | Build | Farm |
| 18:06 | Build | Farm |
| 18:30 | Build | Market |
| 19:19 | Research | Castle Age |
| 19:35 | Research | Horse Collar |
| 20:01 | Research | Double-Bit Axe |
| 20:10 | Queue | Archer |
| 20:10 | Queue | Archer |
| 20:11 | Queue | Archer |
| 20:18 | Research | Padded Archer Armor |
| 20:34 | Build | House |
| 20:36 | Build | Palisade Wall |
| 20:38 | Queue | Villager (Male) |
| 20:44 | Queue | Villager (Male) |
| 20:47 | Queue | Archer |
| 20:54 | Queue | Archer |
| 21:06 | Build | Archery Range |
| 21:32 | Build | Palisade Wall |
| 21:36 | Build | Palisade Wall |
| 21:59 | Age | Castle Age |
| 22:05 | Research | Crossbowman (upgrade) |
| 22:24 | Queue | Archer |
| 22:24 | Queue | Archer |
| 22:30 | Build | House |
| 22:33 | Build | House |
| 22:46 | Queue | Villager (Male) |
| 22:50 | Queue | Archer |
| 22:51 | Queue | Archer |
| 22:51 | Queue | Archer |
| 23:01 | Research | Bodkin Arrow |
| 23:01 | Research | Bodkin Arrow |
| 23:19 | Queue | Villager (Male) |
| 23:32 | Build | Farm |
| 23:52 | Queue | Archer |
| 23:52 | Queue | Archer |
| 23:52 | Queue | Archer |
| 23:53 | Queue | Archer |
| 24:13 | Queue | Villager (Male) |
| 24:13 | Queue | Villager (Male) |
| 24:15 | Queue | Archer |
| 24:16 | Queue | Archer |
| 24:16 | Queue | Archer |
| 24:56 | Build | Castle |
| 25:09 | Build | Palisade Wall |
Match timeline
| 4:12 | mertersoz88 · wall_segment Palisade Wall x3 |
| 4:22 | mertersoz88 · wall_segment Palisade Wall x6 |
| 4:52 | mertersoz88 · wall_segment Palisade Wall x1 |
| 4:56 | mertersoz88 · wall_segment Palisade Wall x7 |
| 7:31 | mertersoz88 · first_building Barracks |
| 8:34 | ☘ [4:20] ☘ Raperzinho11 · wall_segment Palisade Wall x4 |
| 8:41 | ☘ [4:20] ☘ Raperzinho11 · wall_segment Palisade Wall x4 |
| 10:07 | mertersoz88 · age_up feudal |
| 10:24 | mertersoz88 · first_building Archery Range |
| 11:50 | ☘ [4:20] ☘ Raperzinho11 · age_up feudal |
| 13:15 | ☘ [4:20] ☘ Raperzinho11 · first_market_sell 100 wood |
| 13:42 | mertersoz88 · wall_segment Palisade Wall x4 |
| 14:48 | ☘ [4:20] ☘ Raperzinho11 · first_building Barracks |
| 17:11 | ☘ [4:20] ☘ Raperzinho11 · age_up castle |
| 17:15 | ☘ [4:20] ☘ Raperzinho11 · first_building Archery Range |
| 17:42 | mertersoz88 · wall_segment Palisade Wall x15 |
| 17:48 | mertersoz88 · wall_segment Palisade Wall x5 |
| 20:36 | mertersoz88 · wall_segment Palisade Wall x2 |
| 21:32 | mertersoz88 · wall_segment Palisade Wall x1 |
| 21:36 | mertersoz88 · wall_segment Palisade Wall x6 |
| 21:59 | mertersoz88 · age_up castle |
| 22:39 | ☘ [4:20] ☘ Raperzinho11 · first_building Siege Workshop |
| 24:27 | mertersoz88 · first_market_sell 100 wood |
| 24:41 | mertersoz88 · first_market_buy 100 stone |
| 24:56 | mertersoz88 · first_building Castle |
| 25:09 | mertersoz88 · wall_segment Palisade Wall x3 |
| 25:11 | mertersoz88 · wall_segment Palisade Wall x7 |
| 25:21 | ☘ [4:20] ☘ Raperzinho11 · first_market_buy 100 food |
| 31:36 | ☘ [4:20] ☘ Raperzinho11 · first_building Castle |
| 36:29 | ☘ [4:20] ☘ Raperzinho11 · resign |
[ AI ANALYSIS · 1 CREDIT ]
What really happened in this match?
Wolo.gg analyzes every decision: build order, eco, micro, common mistakes by bracket. Personalized analysis on WhatsApp or Discord in 30 seconds.
Civ guide
Mapuche
Perfil
☘ [4:20] ☘ Raperzinho11